Workbook

Sheet Inschrijver
A1: Prijsinvulblad | Werkplekapparatuur & Aanvullende Dienstverlening | Coöperatie KIEN
A2: Naam aanbesteding | B2: Werkplekapparatuur & Aanvullende Dienstverlening
A3: Naam Inschrijvende Entiteit | B3: [NAAM INSCHRIJVENDE PARTIJ]
A4: Naam contactpersoon Inschrijver | B4: [NAAM CONTACTPERSOON INSCHRIJVER
A5: Datum | B5: [DATUM]
A8: STATUS INSCHRIJVING | Als minstens één geldigheidscontrole op "ONGELDIG" uitkomt, resulteert dit in een directe knock-out | B8: =IF(COUNTIF(B10:B16,"LET OP: INSCHRIJVING ONGELDIG")>0,"LET OP: INSCHRIJVING ONGELDIG | DIRECTE KNOCK-OUT","Inschrijving kan ingediend worden") -> LET OP: INSCHRIJVING ONGELDIG | DIRECTE KNOCK-OUT
A10: Geldigheidscontrole | Leverancierscontinuïteitsmarge | Aanbesteding | B10: =IF(COUNTIF(Prijsinvulblad!H48:H55,"LET OP: Marge mag niet 0 euro of minder zijn.")>0,"LET OP: INSCHRIJVING ONGELDIG","Onderdeel geldig voor inschrijving") -> LET OP: INSCHRIJVING ONGELDIG
A11: Geldigheidscontrole | Bulkkorting | Aanbesteding | B11: =IF(COUNTIF(Prijsinvulblad!H63:H70,"LET OP: Kortingspercentage mag niet een negatief percentage zijn.")>0,"LET OP: INSCHRIJVING ONGELDIG","Onderdeel geldig voor inschrijving") -> Onderdeel geldig voor inschrijving
A12: Geldigheidscontrole | Dienstverleningskosten | Aanbesteding | B12: =IF(COUNTIF(Prijsinvulblad!H77:H83,"LET OP: Bedrag/Percentage mag niet negatief zijn (mag niet onder 0 uitkomen).")>0,"LET OP: INSCHRIJVING ONGELDIG","Onderdeel geldig voor inschrijving") -> Onderdeel geldig voor inschrijving
A13: Geldigheidscontrole | Coöperatieve Volumebonus | Oplopende Bonuspercentages | Aanbesteding | B13: =IF(COUNTIF(Prijsinvulblad!I95,"LET OP: Bonuspercentages mogen alleen progressief zijn.")>0,"LET OP: INSCHRIJVING ONGELDIG","Onderdeel geldig voor inschrijving") -> Onderdeel geldig voor inschrijving
A14: Geldigheidscontrole | Coöperatieve Volumebonus | Geen negatieve percentages | Aanbesteding | B14: =IF(COUNTIF(Prijsinvulblad!I96,"LET OP: Kortingspercentage mag niet een negatief percentage zijn.")>0,"LET OP: INSCHRIJVING ONGELDIG","Onderdeel geldig voor inschrijving") -> Onderdeel geldig voor inschrijving
A15: Geldigheidscontrole | Dienstverlenings-cap | Geen 0 of negatief percentage (proportionaliteit) | Aanbesteding | B15: =IF(COUNTIF(Prijsinvulblad!E107,"LET OP: Dienstverlenings-percentage is 0 of negatief. Dit is niet toegestaan, omdat er dan geen reële opslag-/dienstverleningscomponent overblijft.")>0,"LET OP: INSCHRIJVING ONGELDIG","Onderdeel geldig voor inschrijving") -> Onderdeel geldig voor inschrijving
A16: Geldigheidscontrole | Dienstverlenings-cap | Overschrijden Dienstverlenings-cap | Aanbesteding | B16: =IF(COUNTIF(Prijsinvulblad!I98,"LET OP: Dienstverlenings-cap DEFINITIEF overschreden. Dit resulteert in een KNOCK-OUT.")>0,"LET OP: INSCHRIJVING ONGELDIG","Onderdeel geldig voor inschrijving") -> Onderdeel geldig voor inschrijving

Sheet Toelichting
A1: =Inschrijver!A1 -> Prijsinvulblad | Werkplekapparatuur & Aanvullende Dienstverlening | Coöperatie KIEN
A2: Onderdeel | B2: Toelichting
A3: Prijsinvulblad Werkplekapparatuur & Aanvullende Dienstverlening | B3: Dit Prijsinvulblad maakt onderdeel uit van de aanbestedingsdocumenten voor de aanbesteding Werkplekapparatuur & Aanvullende Dienstverlening van Coöperatie KIEN. Het formulier wordt gebruikt voor de beoordeling van het onderdeel Prijs.
A4: Doel van dit document | B4: Dit document heeft als doel om de prijsinschrijvingen van Inschrijvers op een gelijke, transparante en controleerbare wijze met elkaar te vergelijken. De opgenomen aantallen, verhoudingen, bulkorders en omzetdrempels zijn indicatief en worden uitsluitend gebruikt voor beoordelingsdoeleinden, tenzij in het Beschrijvend Document uitdrukkelijk anders is bepaald.
A5: Status van het Prijsinvulblad | B5: Het Prijsinvulblad is een Aanbestedingsdocument. De door de Inschrijver ingevulde prijscomponenten maken na gunning onderdeel uit van de contractuele afspraken, voor zover deze door KIEN zijn aanvaard en niet strijdig zijn met het Beschrijvend Document, de Raamovereenkomst of overige aanbestedingsdocumenten.
A6: Beschrijvend Document is leidend | B6: Het Beschrijvend Document is leidend voor de uitleg van de Opdracht, scope, Productcatalogus, prijsmechaniek, indexering, contractuele voorwaarden, werkafspraken, uitvoering en wijzigingsruimte. Bij tegenstrijdigheid tussen dit Prijsinvulblad en het Beschrijvend Document prevaleert het Beschrijvend Document, tenzij in de rangorde van documenten uitdrukkelijk anders is bepaald.
A7: Opbouw van dit document | B7: Het Prijsinvulblad rekent met de volgende onderdelen: productcategorieën, KIEN-referentieprijzen, Leverancierscontinuïteitsmarge, bulkkorting, dienstverleningskosten, dienstverlenings-cap, Coöperatieve Volumebonus en de Gebruikte Prijs voor Prijsinschrijving.
A8: Invulinstructie | B8: De Inschrijver vult uitsluitend de daarvoor bestemde gele invulvelden in. Velden met formules, controles of automatisch berekende waarden mogen niet worden gewijzigd. Het wijzigen, verwijderen of overschrijven van formules, beveiligingen, controles of vaste uitgangspunten kan leiden tot ongeldigheid van de inschrijving.
A9: Eenheden en bedragen | B9: Alle bedragen in dit Prijsinvulblad zijn exclusief btw, tenzij uitdrukkelijk anders vermeld. Percentages worden ingevuld als percentage of decimaal conform de opmaak van het betreffende invulveld.
A10: Indicatieve aantallen | B10: De opgenomen aantallen en verhoudingen zijn indicatief en bedoeld om een representatieve prijsvergelijking mogelijk te maken. Aan deze aantallen kunnen geen rechten worden ontleend. KIEN en haar Leden hebben geen afnameverplichting, minimumafname of omzetgarantie.
A11: Bulk-units | B11: Bulk-units maken onderdeel uit van het totale indicatieve aantal units. Bulk-units komen dus niet bovenop het totale aantal units. Hiermee wordt dubbeltelling voorkomen.
A12: Productcategorieën | B12: De productcategorieën sluiten aan op de in het Beschrijvend Document opgenomen Productcatalogus en scope van de Opdracht. De productcategorieën worden gebruikt voor de prijsvergelijking en voor de toepassing van de Leverancierscontinuiteitsmarge en bulkkorting.
A13: KIEN-referentieprijzen | B13: KIEN werkt met KIEN-referentieprijzen per productcategorie. Deze referentieprijzen worden uitsluitend gebruikt om alle Inschrijvers met dezelfde basisprijzen te laten rekenen. De KIEN-referentieprijzen zijn geen verklaring van de daadwerkelijke inkoopprijzen van de Inschrijver.
... A39: Vragen | B39: Vragen over dit Prijsinvulblad, de berekeningswijze, de prijsmechaniek of de toepassing van onderdelen van dit formulier kunnen uitsluitend worden gesteld via de vragenronde(s) zoals beschreven in het Beschrijvend Document.

Sheet Prijsinvulblad
A1: =Inschrijver!A1 -> Prijsinvulblad | Werkplekapparatuur & Aanvullende Dienstverlening | Coöperatie KIEN
A2: Parameter | B2: Waarde | C2: Eenheid | D2: Toelichting
A3: Indicatief totaal aantal units gedurende de looptijd (incl. verlenging) | B3: 38000 | C3: units | D3: Totaal aantal devices voor beoordelingsdoeleinden
A6: Categorie | B6: Verhouding t.o.v. totaal aantal units | C6: Totaal aantal units | D6: Reguliere units | E6: Bulk units | F6: Controle totaal
A7: Chromebooks / Google Books | Non-touch | B7: 0.19 | C7: =B7*$B$3 -> 7220 | D7: =C7*$C$19 -> 2527 | E7: =C7*$C$20 -> 4693 | F7: =C7-(D7+E7) -> 0
A8: Chromebooks / Google Books | Touch | B8: 0.21 | C8: =B8*$B$3 -> 7980 | D8: =C8*$C$19 -> 2793 | E8: =C8*$C$20 -> 5187 | F8: =C8-(D8+E8) -> 0
A9: Workstations | B9: 0.045 | C9: =B9*$B$3 -> 1710 | D9: =C9*$C$19 -> 598.5 | E9: =C9*$C$20 -> 1111.5 | F9: =C9-(D9+E9) -> 0
A10: Laptop | Medium-end | 14-inch | B10: 0.215 | C10: =B10*$B$3 -> 8170 | D10: =C10*$C$19 -> 2859.5 | E10: =C10*$C$20 -> 5310.5 | F10: =C10-(D10+E10) -> 0
A11: Laptop | Medium-end | 16-inch | B11: 0.23 | C11: =B11*$B$3 -> 8740 | D11: =C11*$C$19 -> 3059 | E11: =C11*$C$20 -> 5681 | F11: =C11-(D11+E11) -> 0
A12: Laptop | High-end (special) | B12: 0.005 | C12: =B12*$B$3 -> 190 | D12: =C12*$C$19 -> 66.5 | E12: =C12*$C$20 -> 123.5 | F12: =C12-(D12+E12) -> 0
A13: Monitoren | B13: 0.085 | C13: =B13*$B$3 -> 3230 | D13: =C13*$C$19 -> 1130.5 | E13: =C13*$C$20 -> 2099.5 | F13: =C13-(D13+E13) -> 0
A14: Smartphones | B14: 0.02 | C14: =B14*$B$3 -> 760 | D14: =C14*$C$19 -> 266 | E14: =C14*$C$20 -> 494 | F14: =C14-(D14+E14) -> 0
A15: Totaal | B15: =SUM(B7:B14) -> 1 | C15: =SUM(C7:C14) -> 38000 | D15: =SUM(D7:D14) -> 13300 | E15: =SUM(E7:E14) -> 24700 | F15: =C15-(D15+E15) -> 0
A19: Verhouding Reguliere units t.o.v. totaal | C19: 0.35 | D19: Dit zijn de percentages die gebruikt worden om het indicatieve aantal units aan te geven, in de hierboven weergegeven tabel.
A20: Verhouding Bulk units t.o.v. totaal | C20: =1-C19 -> 0.65
A24: Bulkorderdrempel (voor bulkorder-korting) | C24: 500 | D24: units per bulkorder | E24: Vanaf dit aantal units geldt de bulkorder-korting. Korting geldt voor een uitvraag van een Bestellende Entiteit en bij eventuele mogelijke geaggregeerde uitvragen.
A25: Indicatief aantal bulkorders gedurende de looptijd | C25: 12 | D25: orders (verwachte minimum van 1,5 per jaar) | E25: Alleen voor analyse / dienstverlening indien van toepassing
A29: Minimumaantal units: Workstations (uit Productcatalogus) onder IJzeren voorraad bij leverancier | C29: 50 | D29: Indicatieve minimumaantal units voor ijzeren voorraad van deze productcategorie | G29: =C29*(D50+E50) -> 47500 | H29: Totale waarde voor ijzeren voorraad: Workstations. Wordt automatisch ingevuld nadat Inschrijver Leverancierscontinuïteitsmarge per unit toegevoegd heeft.
A30: Minimumaantal units: Laptop | Medium-end | 14-inch (uit Productcatalogus) onder IJzeren voorraad bij leverancier | C30: 100 | D30: Indicatieve minimumaantal units voor ijzeren voorraad van deze productcategorie | G30: =C30*(D51+E51) -> 105000 | H30: Totale waarde voor ijzeren voorraad: Laptop | Medium-end | 14-inch. Wordt automatisch ingevuld nadat Inschrijver Leverancierscontinuïteitsmarge per unit toegevoegd heeft.
A31: Minimumaantal units: Laptop | Medium-end | 16-inch (uit Productcatalogus) onder IJzeren voorraad bij leverancier | C31: 100 | D31: Indicatieve minimumaantal units voor ijzeren voorraad van deze productcategorie | G31: =C31*(D52+E52) -> 105000 | H31: Totale waarde voor ijzeren voorraad: Laptop | Medium-end | 16-inch. Wordt automatisch ingevuld nadat Inschrijver Leverancierscontinuïteitsmarge per unit toegevoegd heeft.
A35: Limiet voor totale Dienstverleningskosten t.o.v. totale indicatieve contractwaarde in prijsinvulblad | C35: 0.125 | D35: Dit percentage is de cap voor de Dienstverleningskosten t.o.v. de indicatieve contractwaarde vóór het toepassen van kortingen uit het prijsinvulblad. Om een gelijk speelveld en concurrentie te garanderen, is deze cap geplaatst. Wordt de cap overschreden? Dan resulteert dit in een automatische knock-out.
A39: Aantal kwartalen in dit contract (incl. optionele verlengingen) | C39: 32 | D39: Aantal kwartalen (incl. optionele verlengingen, excl. Transitietermijn)
A46: Catalogus: Leverancierscontinuïteitsmarge
A47: Categorie | B47: Minimumspecificaties | C47: Indicatieve totaal aantal units | D47: KIEN referentieprijs per unit (EUR excl BTW) | E47: Leverancierscontinuïteitsmarge per unit, per categorie, in EUR voor leverancier | F47: Indicatieve omzet met Leverancierscontinuïteitsmarge | G47: Totale Leverancierscontinuïteitsmarge per categorie in EUR | H47: Controle
A48: =A7 -> Chromebooks / Google Books | Non-touch | B48: Google Workspace licentie (inclusief), Intel Core N of Mediatek (voor beide types: laatste generatie), 8GB RAM, 11-inch, 64GB SSD, minimum accuduur 10 uur, minstens 1x USB-C, WIFI 6 | C48: =C7 -> 7220 | D48: 400 | F48: =(D48+E48)*C48 -> 2888000 | G48: =C48*E48 -> 0 | H48: =IF(AND(E48>=0.01),"Geldig","LET OP: Marge mag niet 0 euro of minder zijn.") -> LET OP: Marge mag niet 0 euro of minder zijn.
A49: =A8 -> Chromebooks / Google Books | Touch | B49: Google Workspace licentie (inclusief), Intel Core N of Mediatek (voor beide types: laatste generatie), 8GB RAM, 11-inch, 64GB SSD, minimum accuduur 10 uur, minstens 1x USB-C, WIFI 6 | C49: =C8 -> 7980 | D49: 450 | F49: =(D49+E49)*C49 -> 3591000 | G49: =C49*E49 -> 0 | H49: =IF(AND(E49>=0.01),"Geldig","LET OP: Marge mag niet 0 euro of minder zijn.") -> LET OP: Marge mag niet 0 euro of minder zijn.
A50: =A9 -> Workstations | B50: Windows 11 Home, Intel i5, 16GB RAM, 512GB SSD, TPM 2.0, minstens 1x USB-A 3.1, minstens 1x USB Type-C 3.1, minimaal CAT 6 (ethernet-aansluiting) | C50: =C9 -> 1710 | D50: 950 | F50: =(D50+E50)*C50 -> 1624500 | G50: =C50*E50 -> 0 | H50: =IF(AND(E50>=0.01),"Geldig","LET OP: Marge mag niet 0 euro of minder zijn.") -> LET OP: Marge mag niet 0 euro of minder zijn.
A51: =A10 -> Laptop | Medium-end | 14-inch | B51: Windows 11 Home, Intel i5, 16GB RAM, 512GB SSD, TPM 2.0, minimum accuduur 8 uur, minstens 1x USB-C 3.1, webcam minimaal 720P (Infrarood-enabled), Biometrische login via Windows Hello mogelijk (gezichtsherkenning en vingerafdrukscanner), WIFI 6E, Bluetooth 5 | C51: =C10 -> 8170 | D51: 1050 | F51: =(D51+E51)*C51 -> 8578500 | G51: =C51*E51 -> 0 | H51: =IF(AND(E51>=0.01),"Geldig","LET OP: Marge mag niet 0 euro of minder zijn.") -> LET OP: Marge mag niet 0 euro of minder zijn.
A52: =A11 -> Laptop | Medium-end | 16-inch | B52: Windows 11 Home, Intel i5, 16GB RAM, 512GB SSD, TPM 2.0, minimum accuduur 8 uur, minstens 1x USB-C 3.1, webcam minimaal 720P (Infrarood-enabled), Biometrische login via Windows Hello mogelijk (gezichtsherkenning en vingerafdrukscanner), WIFI 6E, Bluetooth 5 | C52: =C11 -> 8740 | D52: 1050 | F52: =(D52+E52)*C52 -> 9177000 | G52: =C52*E52 -> 0 | H52: =IF(AND(E52>=0.01),"Geldig","LET OP: Marge mag niet 0 euro of minder zijn.") -> LET OP: Marge mag niet 0 euro of minder zijn.
A53: =A12 -> Laptop | High-end (special) | B53: Windows 11 Home, Intel i7, 32GB RAM, 512GB SSD, TPM 2.0, minimum accuduur 8 uur, minstens 1x USB-C 3.1, webcam minimaal 720P (Infrarood-enabled), Biometrische login via Windows Hello mogelijk (gezichtsherkenning en vingerafdrukscanner), WIFI 6E, Bluetooth 5 | C53: =C12 -> 190 | D53: 1750 | F53: =(D53+E53)*C53 -> 332500 | G53: =C53*E53 -> 0 | H53: =IF(AND(E53>=0.01),"Geldig","LET OP: Marge mag niet 0 euro of minder zijn.") -> LET OP: Marge mag niet 0 euro of minder zijn.
A54: =A13 -> Monitoren | B54: Minstens 24-inch, Full HD 1080P, minstens 1x Displayport, minstens 2x HDMI-poorten, minstens 1x USB-C, hoogte verstelbaar | C54: =C13 -> 3230 | D54: 150 | F54: =(D54+E54)*C54 -> 484500 | G54: =C54*E54 -> 0 | H54: =IF(AND(E54>=0.01),"Geldig","LET OP: Marge mag niet 0 euro of minder zijn.") -> LET OP: Marge mag niet 0 euro of minder zijn.
A55: =A14 -> Smartphones | B55: Nieuwste Android Enterprise-versie, 5-inch scherm of groter, 128GB opslag, minstens 5 jaar beveiligingsupdates, minstens 4 jaar OS-updates | C55: =C14 -> 760 | D55: 375 | F55: =(D55+E55)*C55 -> 285000 | G55: =C55*E55 -> 0 | H55: =IF(AND(E55>=0.01),"Geldig","LET OP: Marge mag niet 0 euro of minder zijn.") -> LET OP: Marge mag niet 0 euro of minder zijn.
A56: Totaal reguliere afname zonder marge | F56: =SUM(F48:F55)-SUM(G48:G55) -> 26961000 | G56: =F57-F56 -> 0
A57: Totaal reguliere afname inclusief marge | F57: =SUM(F48:F55) -> 26961000 | G57: =SUM(G48:G55) -> 0
A61: Catalogus: Bulkkorting
A62: Categorie | B62: Minimumspecificaties | C62: Indicatieve bulk units | D62: Netto reguliere prijs per unit na Basismarge (EUR excl BTW) | E62: Bulkkorting voor orders boven bulk-orderdrempel (procenten) | F62: Bulkprijs per unit na aanvullende korting (EUR excl BTW) | G62: Totale indicatieve bulkkorting | H62: Controle
A63: =A7 -> Chromebooks / Google Books | Non-touch | B63: =B48 -> Google Workspace licentie (inclusief), Intel Core N of Mediatek (voor beide types: laatste generatie), 8GB RAM, 11-inch, 64GB SSD, minimum accuduur 10 uur, minstens 1x USB-C, WIFI 6 | C63: =E7 -> 4693 | D63: =D48+E48 -> 400 | F63: =D63*(1-E63) -> 400 | G63: =C63*D63*E63 -> 0 | H63: =IF(AND(E63>=0%),"Geldig","LET OP: Kortingspercentage mag niet een negatief percentage zijn.") -> Geldig
A64: =A8 -> Chromebooks / Google Books | Touch | B64: =B49 -> Google Workspace licentie (inclusief), Intel Core N of Mediatek (voor beide types: laatste generatie), 8GB RAM, 11-inch, 64GB SSD, minimum accuduur 10 uur, minstens 1x USB-C, WIFI 6 | C64: =E8 -> 5187 | D64: =D49+E49 -> 450 | F64: =D64*(1-E64) -> 450 | G64: =C64*D64*E64 -> 0 | H64: =IF(AND(E64>=0%),"Geldig","LET OP: Kortingspercentage mag niet een negatief percentage zijn.") -> Geldig
A65: =A9 -> Workstations | B65: =B50 -> Windows 11 Home, Intel i5, 16GB RAM, 512GB SSD, TPM 2.0, minstens 1x USB-A 3.1, minstens 1x USB Type-C 3.1, minimaal CAT 6 (ethernet-aansluiting) | C65: =E9 -> 1111.5 | D65: =D50+E50 -> 950 | F65: =D65*(1-E65) -> 950 | G65: =C65*D65*E65 -> 0 | H65: =IF(AND(E65>=0%),"Geldig","LET OP: Kortingspercentage mag niet een negatief percentage zijn.") -> Geldig
A66: =A10 -> Laptop | Medium-end | 14-inch | B66: =B51 -> Windows 11 Home, Intel i5, 16GB RAM, 512GB SSD, TPM 2.0, minimum accuduur 8 uur, minstens 1x USB-C 3.1, webcam minimaal 720P (Infrarood-enabled), Biometrische login via Windows Hello mogelijk (gezichtsherkenning en vingerafdrukscanner), WIFI 6E, Bluetooth 5 | C66: =E10 -> 5310.5 | D66: =D51+E51 -> 1050 | F66: =D66*(1-E66) -> 1050 | G66: =C66*D66*E66 -> 0 | H66: =IF(AND(E66>=0%),"Geldig","LET OP: Kortingspercentage mag niet een negatief percentage zijn.") -> Geldig
A67: =A11 -> Laptop | Medium-end | 16-inch | B67: =B52 -> Windows 11 Home, Intel i5, 16GB RAM, 512GB SSD, TPM 2.0, minimum accuduur 8 uur, minstens 1x USB-C 3.1, webcam minimaal 720P (Infrarood-enabled), Biometrische login via Windows Hello mogelijk (gezichtsherkenning en vingerafdrukscanner), WIFI 6E, Bluetooth 5 | C67: =E11 -> 5681 | D67: =D52+E52 -> 1050 | F67: =D67*(1-E67) -> 1050 | G67: =C67*D67*E67 -> 0 | H67: =IF(AND(E67>=0%),"Geldig","LET OP: Kortingspercentage mag niet een negatief percentage zijn.") -> Geldig
A68: =A12 -> Laptop | High-end (special) | B68: =B53 -> Windows 11 Home, Intel i7, 32GB RAM, 512GB SSD, TPM 2.0, minimum accuduur 8 uur, minstens 1x USB-C 3.1, webcam minimaal 720P (Infrarood-enabled), Biometrische login via Windows Hello mogelijk (gezichtsherkenning en vingerafdrukscanner), WIFI 6E, Bluetooth 5 | C68: =E12 -> 123.5 | D68: =D53+E53 -> 1750 | F68: =D68*(1-E68) -> 1750 | G68: =C68*D68*E68 -> 0 | H68: =IF(AND(E68>=0%),"Geldig","LET OP: Kortingspercentage mag niet een negatief percentage zijn.") -> Geldig
A69: =A13 -> Monitoren | B69: =B54 -> Minstens 24-inch, Full HD 1080P, minstens 1x Displayport, minstens 2x HDMI-poorten, minstens 1x USB-C, hoogte verstelbaar | C69: =E13 -> 2099.5 | D69: =D54+E54 -> 150 | F69: =D69*(1-E69) -> 150 | G69: =C69*D69*E69 -> 0 | H69: =IF(AND(E69>=0%),"Geldig","LET OP: Kortingspercentage mag niet een negatief percentage zijn.") -> Geldig
A70: =A14 -> Smartphones | B70: =B55 -> Nieuwste Android Enterprise-versie, 5-inch scherm of groter, 128GB opslag, minstens 5 jaar beveiligingsupdates, minstens 4 jaar OS-updates | C70: =E14 -> 494 | D70: =D55+E55 -> 375 | F70: =D70*(1-E70) -> 375 | G70: =C70*D70*E70 -> 0 | H70: =IF(AND(E70>=0%),"Geldig","LET OP: Kortingspercentage mag niet een negatief percentage zijn.") -> Geldig
A71: Totale Bulkkorting | G71: =SUM(G63:G70) -> 0
A75: Dienstverleningskosten
A76: Onderdeel dienstverlening | B76: Waaronder | C76: Tariefmodel | D76: Aantal | E76: Bedrag (EUR ex. BTW) | F76: Subtotaal | G76: Verhouding dienstverlening t.o.v. totaal | H76: Controle
A77: Basisdienstverlening per device | B77: • Asset Tag sticker aanbrengen • CMDB-rapportage (import-file volgens CSV) • Image/registratie via MDM-/UEM-systeem • Facturatiemethode, en andere zaken conform BD | C77: Per device | D77: =B3 -> 38000 | F77: =D77*E77 -> 0 | G77: =F77/$F$84 -> #DIV/0! | H77: =IF(AND(E77>=0),"Geldig","LET OP: Bedrag/Percentage mag niet negatief zijn (mag niet onder 0 uitkomen).") -> Geldig
A78: Aanvullende dienstverlening per device | Microsoft Ecosysteem | B78: • Intune Provisioning; • Hashen. | C78: Per device op afroep | D78: =SUM(C9:C12) -> 18810 | F78: =D78*E78 -> 0 | G78: =F78/$F$84 -> #DIV/0! | H78: =IF(AND(E78>=0),"Geldig","LET OP: Bedrag/Percentage mag niet negatief zijn (mag niet onder 0 uitkomen).") -> Geldig
A79: Aanvullende dienstverlening per device | Google Ecosysteem | B79: • Inschrijven Google Workspace. | C79: Per device op afroep | D79: =SUM(C7:C8) -> 15200 | F79: =D79*E79 -> 0 | G79: =F79/$F$84 -> #DIV/0! | H79: =IF(AND(E79>=0),"Geldig","LET OP: Bedrag/Percentage mag niet negatief zijn (mag niet onder 0 uitkomen).") -> Geldig
A80: Strippenkaart voor reparaties buiten de device-garantie voor laptops | B80: • Voorrijkosten; • Werkkosten voor analyse en voorbereidingswerkzaamheden (incl. salariskosten); • Apparaat- en reparatieanalyse (pre-reparatie); • Werkkosten voor reparatie (exclusief materiaalkosten). | C80: Strippenkaart voor 250 reparaties. Prijs per strippenkaart keer het aantal voor de hele looptijd (indicatief/prognose). Één strip staat gelijk aan één volledige reparatieronde voor één device, of een traject waarbij de Opdrachtgever zelf besluit de ronde niet volledig af te maken. | D80: 24 | F80: =D80*E80 -> 0 | G80: =F80/$F$84 -> #DIV/0! | H80: =IF(AND(E80>=0),"Geldig","LET OP: Bedrag/Percentage mag niet negatief zijn (mag niet onder 0 uitkomen).") -> Geldig
A81: End-of-life ophaal- en wipe-service | B81: • (Disposal) Ophaal- en wipe-service, met een certificaatbevestiging over het veilig verwijderen van alle data-dragers (SSD, etc.); • Aanvullende bijdrage om devices op te halen op het moment dat devices hun end-of-life hebben bereikt. | C81: Per device op afroep | D81: =(C7+C8+C9+C10+C11+C12)/2 -> 17005 | F81: =D81*E81 -> 0 | G81: =F81/$F$84 -> #DIV/0! | H81: =IF(AND(E81>=0),"Geldig","LET OP: Bedrag/Percentage mag niet negatief zijn (mag niet onder 0 uitkomen).") -> Geldig
A82: Bulkverpakking & Verpakkingsophaalservice | B82: • Gebruik van bulkverpakkingen; • Ophalen van overtollig verpakkingsmateriaal. | C82: Per device op afroep | D82: =(C7+C8+C10+C11+C12)/2 -> 16150 | F82: =D82*E82 -> 0 | G82: =F82/$F$84 -> #DIV/0! | H82: =IF(AND(E82>=0),"Geldig","LET OP: Bedrag/Percentage mag niet negatief zijn (mag niet onder 0 uitkomen).") -> Geldig
A83: Voorraadbeheer en Faciliteit voor ijzeren voorraad | B83: Faciliteit vanuit de leverancier om een vaste voorraad te faciliteren voor specifieke devices, in ruil voor een percentage van de device-waarde. Er wordt betaald per kwartaal over een percentage van de opgeslagen waarde bij de leverancier. | C83: Vast percentage over de waarde van de *ijzeren* voorraad. Wordt betaald per kwartaal, en in deze berekening doorgetrokken over de gehele looptijd. | D83: =C39 -> 32 | F83: =(G29+G31+G30)*E83*D83 -> 0 | G83: =F83/$F$84 -> #DIV/0! | H83: =IF(AND(E83>=0),"Geldig","LET OP: Bedrag/Percentage mag niet negatief zijn (mag niet onder 0 uitkomen).") -> Geldig
A84: Totale dienstverleningskosten (exclusief Basismarge) | F84: =SUM(F77:F83) -> 0 | G84: =SUM(G77:G83) -> #DIV/0!
A85: Totale Leverancierscontinuïteitsmarge in EUR voor leverancier gedurende de gehele looptijd | F85: =G57 -> 0
A86: Totale dienstverleningskosten incl. Leverancierscontinuïteitsmarge onderhevig aan Dienstverlenings-cap | F86: =SUM(F84:F85) -> 0
A90: Coöperatieve Volumebonus (retrospectieve creditregeling over voorgaande kalenderjaar) | H90: Coöperatieve Volumebonus | Indicatoren | J90: Toelichting / Controle
A91: Geldende Jaarlijkse Omzetdrempels (EUR excl. BTW) Gedurende de Looptijd van de Overeenkomst. | B91: Bonuspercentage Voeg hieronder oplopende/progressieve bonuspercentages toe per omzetdrempel | C91: Toepasbaar bij door KIEN bepaalde jaaromzet? | D91: Indicatieve jaaromzet volgens Prijsinschrijving van Inschrijver | E91: Indicatieve bonus bij staffel | F91: Toelichting | H91: Indicatieve jaaromzet (bruto) | I91: {=SUM(C102:C104/$C$39*4)} -> 3370125 | J91: Gerealiseerde of indicatieve jaaromzet vóór toepassing van de Coöperatieve Volumebonus. Berekend op basis van bruto indicatieve contractwaarde gedeeld door looptijd in jaren.
A92: 1000000 | C92: =IF($I$91>=A92,"Ja","Nee") -> Ja | D92: =SUM($C$102:$C$104)/$C$39*4 -> 3370125 | E92: =IF(C92="Ja",SUM($C$102:$C$103)*B92,0) -> 0 | F92: KIEN stelt de omzetdrempels vast. Inschrijver vult alleen het bonuspercentage in. De Omzetdrempels en de bonuspercentages gelden gedurende de volledige looptijd. | H92: Geselecteerd bonuspercentage | I92: =LOOKUP($I$91,$A$92:$A$96,$B$92:$B$96) -> 0 | J92: Hoogste staffel waarvoor de indicatieve jaaromzet ten minste de drempel haalt.
A93: 2500000 | C93: =IF($I$91>=A93,"Ja","Nee") -> Ja | D93: =SUM($C$102:$C$104)/$C$39*4 -> 3370125 | E93: =IF(C93="Ja",SUM($C$102:$C$103)*B93,0) -> 0 | F93: KIEN stelt de omzetdrempels vast. Inschrijver vult alleen het bonuspercentage in. De Omzetdrempels en de bonuspercentages gelden gedurende de volledige looptijd. | H93: Indicatieve Coöperatieve Volumebonus in een periode van één jaar | I93: =I91*I92 -> 0 | J93: Indicatieve bonus/credit.
A94: 4000000 | C94: =IF($I$91>=A94,"Ja","Nee") -> Nee | D94: =SUM($C$102:$C$104)/$C$39*4 -> 3370125 | E94: =IF(C94="Ja",SUM($C$102:$C$103)*B94,0) -> 0 | F94: KIEN stelt de omzetdrempels vast. Inschrijver vult alleen het bonuspercentage in. De Omzetdrempels en de bonuspercentages gelden gedurende de volledige looptijd. | H94: Indicatieve Coöperatieve Volumebonus over de volledige looptijd | I94: =$I$92*SUM(C102:C104) -> 0 | J94: Indicatieve bonus/credit; wordt in mindering gebracht op voordat de definitieve Prijs voor de prijsinschrijving wordt berekend.
A95: 5500000 | C95: =IF($I$91>=A95,"Ja","Nee") -> Nee | D95: =SUM($C$102:$C$104)/$C$39*4 -> 3370125 | E95: =IF(C95="Ja",SUM($C$102:$C$103)*B95,0) -> 0 | F95: KIEN stelt de omzetdrempels vast. Inschrijver vult alleen het bonuspercentage in. De Omzetdrempels en de bonuspercentages gelden gedurende de volledige looptijd. | H95: Controle oplopende bonuspercentages | I95: =IF(AND(B93>=B92,B94>=B93,B95>=B94,B96>=B95),"Geldig: Conform instructies","LET OP: Bonuspercentages mogen alleen progressief zijn.") -> Geldig: Conform instructies | J95: Bonuspercentages moeten oplopend of gelijkblijvend zijn per hogere omzetdrempel.
A96: 7000000 | C96: =IF($I$91>=A96,"Ja","Nee") -> Nee | D96: =SUM($C$102:$C$104)/$C$39*4 -> 3370125 | E96: =IF(C96="Ja",SUM($C$102:$C$103)*B96,0) -> 0 | F96: KIEN stelt de omzetdrempels vast. Inschrijver vult alleen het bonuspercentage in. De Omzetdrempels en de bonuspercentages gelden gedurende de volledige looptijd. | H96: Controle geen negatieve bonuspercentages | I96: {=IF(AND(B92:B96>=0),"Geldig: Conform instructies","LET OP: Kortingspercentage mag niet een negatief percentage zijn.")} -> Geldig: Conform instructies | J96: Bonuspercentages mogen geen negatieve percentages zijn.
A100: Indicatieve contractwaarde
A101: Component | C101: Bedrag (EUR excl BTW) | D101: Verhouding bedrag t.o.v. totaalbedrag | E101: Toelichting / Controle
A102: Totale indicatieve afname werkplekken Excl. Leverancierscontinuïteitsmarge | C102: =F56 -> 26961000 | D102: =C102/$C$106 -> 1
A103: Dienstverleningskosten Incl. Leverancierscontinuïteitsmarge | B103: Dienstverleningskosten-cap o.b.v. verhouding dienstverleningskosten (inclusief Leverancierscontinuïteitsmarge) t.o.v. het totaalbedrag min het percentage aan kortingen. | C103: =F86 -> 0 | D103: =(C103/(C102+C103)) -> 0 | E103: =IF(D103>C35,"LET OP: Voorlopige Dienstverlenings-cap vóór kortingen overschreden.","Geldig: Proportioneel voor de volgende stap.") -> Geldig: Proportioneel voor de volgende stap.
A104: Toepassing Bulkkorting | C104: =-G71 -> 0 | D104: =C104/C106 -> 0
A105: Coöperatieve Volumebonus | C105: =-I94 -> 0 | D105: =C105/C106 -> 0
A106: Gebruikte Prijs voor Prijsinschrijving | C106: =SUM(C102:C105) -> 26961000 | E106: Indicatieve Contractwaarde wordt gebruikt als Prijs voor Prijsinschrijving.
A107: Dienstverleningskosten-cap na toepassen van kortingen | B107: =B103 -> Dienstverleningskosten-cap o.b.v. verhouding dienstverleningskosten (inclusief Leverancierscontinuïteitsmarge) t.o.v. het totaalbedrag min het percentage aan kortingen. | C107: =D103+D104+D105 -> 0 | E107: =IF(C107<=0,"ONGELDIG: LET OP: Dienstverlenings-percentage is 0 of negatief. Dit is niet toegestaan, omdat er dan geen reële opslag-/dienstverleningscomponent overblijft.",IF(C107>C35,"ONGELDIG: LET OP: Dienstverlenings-cap DEFINITIEF overschreden. Dit resulteert in een KNOCK-OUT.","Geldig om in te schrijven.")) -> ONGELDIG: LET OP: Dienstverlenings-percentage is 0 of negatief. Dit is niet toegestaan, omdat er dan geen reële opslag-/dienstverleningscomponent overblijft.
